 Dungeon Crawl Stone Soup version 0.28.0 (webtiles) character file.

Game seed: 4232206157239719034

417 Gabide the Insei (level 6, -10/32 HPs)
             Began as a Vine Stalker Monk on Feb 17, 2022.
             Mangled by Duvessa (18 damage)
             ... on level 4 of the Dungeon.
             The game lasted 00:07:31 (4408 turns).

Gabide the Insei (Vine Stalker Monk)                Turns: 4408, Time: 00:07:31

Health: -10/32     AC:  4    Str: 14    XL:     6   Next: 92%
Magic:  0/7        EV: 13    Int: 10    God:
Gold:   114        SH:  0    Dex: 18    Spells: 5/5 levels left

rFire   + . .      SeeInvis .     - Unarmed
rCold   + . .      Faith    .   (no shield)
rNeg    . . .      Spirit   +   k - +2 robe {rC+ rF+}
rPois   .          Reflect  .   (no helmet)
rElec   .          Harm     .   (no cloak)
rCorr   +          Rampage  .   (no gloves)
Will    .....                   (no boots)
Stlth   +++.......              (no amulet)
HPRegen 0.90/turn               i - ring of resist corrosion
MPRegen 0.10/turn               (no ring)

@: no status effects
A: fangs 2, regeneration 1, magic shield, antimagic bite, no potion heal 2
a: no special abilities


You were on level 4 of the Dungeon.
You visited 1 branch of the dungeon, and saw 4 of its levels.

You collected 114 gold pieces.

Inventory:

Armour
 k - a +2 robe of resistance (worn)
Jewellery
 i - a ring of resist corrosion (left hand)
Wands
 c - a wand of paralysis (3)
Scrolls
 a - a scroll of amnesia
 e - a scroll of identify
 f - a scroll of teleportation
 g - a scroll of holy word
 o - a scroll of blinking
Potions
 b - a potion of heal wounds {unknown}
 d - 3 potions of degeneration
 h - 2 potions of curing {unknown}
 j - a potion of flight {unknown}
 n - a potion of cancellation {unknown}
 s - a potion of berserk rage {unknown}
 t - 2 potions of mutation {unknown}


   Skills:
 + Level 3.3 Fighting
 + Level 3.5 Dodging
 + Level 5.1 Stealth
 + Level 5.4 Unarmed Combat


You had 5 spell levels left.
You didn't know any spells.
Your spell library contained the following spells:

 Spells                   Type           Power      Damage    Failure   Level
 Summon Small Mammal      Summ           0%         N/A       36%         1
 Call Canine Familiar     Summ           0%         N/A       75%         3
 Summon Guardian Golem    Hex/Summ       0%         N/A       75%         3


Dungeon Overview and Level Annotations

Branches:
Dungeon (4/15)
 Temple: D:4-7

Altars:

Shops:
D:4 =

Annotations:
D:4 Duvessa


Innate Abilities, Weirdness & Mutations

You have extremely sharp teeth.
Your natural rate of healing is unusually fast.
When hurt, damage is shared between your health and your magic reserves.
Your bite disrupts and absorbs the magic of your enemies.
Potions cannot restore your health.


Message History

The helpless Duvessa fails to defend herself.
You hit Duvessa.
Duvessa is moderately wounded.
The helpless Duvessa fails to defend herself.
You hit Duvessa but do no damage. You bite Duvessa, but do no damage.
Duvessa is moderately wounded.
The helpless Duvessa fails to defend herself.
You hit Duvessa. You bite Duvessa, but do no damage.
Duvessa is moderately wounded.
The helpless Duvessa fails to defend herself.
You hit Duvessa but do no damage. You punch Duvessa.
You bite Duvessa, but do no damage.
Duvessa is heavily wounded.
Duvessa is no longer paralysed.
Duvessa hits you with a +0 short sword!
You punch Duvessa!
Duvessa is severely wounded.
Duvessa hits you with a +0 short sword!
* * * LOW HITPOINT WARNING * * *
Duvessa barely misses you.
You are too injured to fight recklessly!
You are too injured to fight recklessly!
You are too injured to fight recklessly!
You are too injured to fight recklessly!
You are too injured to fight recklessly!
You are too injured to fight recklessly!
You are too injured to fight recklessly!
You are too injured to fight recklessly!
You are too injured to fight recklessly!
You are too injured to fight recklessly!
You are too injured to fight recklessly!
You are too injured to fight recklessly!
You are too injured to fight recklessly!
You are too injured to fight recklessly!
You are too injured to fight recklessly!
You are too injured to fight recklessly!
You are too injured to fight recklessly!
Duvessa barely misses you.
Duvessa hits you with a +0 short sword!!
Ouch! That really hurt!
You die...

..#..................#
..#...............[..#
..#..................#
###.##...###...##...#########
######...###'####...#..#.#..#
................#......#....#
................#......#....#
<...............#......#....#
...............e@......#...##
................#...>..#...##
.)..............#......#....#
#...##..###..####..##.##...##
#...#######..####'###.##...##
#.....[..'.....[....#.......#
#........#..........#.......#
#........#..........#.......#
#..##...##.#..#..#..#..##..##


You could see Duvessa (berserk).

Vanquished Creatures
  Edmund (D:4)
  Dowan (D:4)
  A water moccasin skeleton (D:4)
  A howler monkey (D:3)
  A jelly (D:4)
  An orc wizard (D:3)
  5 adders
  An ufetubus (D:4)
  2 worms (D:2)
  3 dart slugs
  5 orcs
  4 endoplasms
  5 giant cockroaches
  4 goblins
  4 hobgoblins
  4 jackals (D:1)
  4 quokkas
  6 ball pythons
  4 bats
  6 frilled lizards
  2 kobolds
  3 rats
68 creatures vanquished.

Notes
Turn   | Place    | Note
-------+----------+-------------------------------------------
     0 | D:1      | Gabide the Vine Stalker Monk began the quest for the Orb.
     0 | D:1      | Reached XP level 1. HP: 11/11 MP: 2/2
   181 | D:1      | Reached XP level 2. HP: 16/16 MP: 3/3
   818 | D:1      | Reached XP level 3. HP: 12/19 MP: 1/4
  2075 | D:2      | Gained mutation: Your natural rate of healing is unusually
                  | fast. [Vine Stalker growth]
  2075 | D:2      | Reached XP level 4. HP: 24/24 MP: 5/5
  2224 | D:2      | Found a faded altar of an unknown god.
  2923 | D:3      | Reached XP level 5. HP: 20/28 MP: 6/6
  3187 | D:4      | Noticed Duvessa
  3423 | D:4      | Reached XP level 6. HP: 25/32 MP: 5/7
  3780 | D:4      | Noticed Edmund
  3818 | D:4      | Killed Edmund
  3819 | D:4      | Reached skill level 5 in Stealth
  3819 | D:4      | Reached skill level 5 in Unarmed Combat
  3860 | D:4      | Noticed Dowan
  3871 | D:4      | Killed Dowan
  4083 | D:4      | Found Xain's Jewellery Shoppe.
  4408 | D:4      | Mangled by Duvessa

Illustrated notes

Levels and vault maps discovered:
D:1:      dpeg_arrival_fog, layout_rooms, roderic_filled_cross,
          minmay_tetromino_i4
D:2:      minmay_razor_zed, layout_rooms, basic_ecumenical_altar
D:3:      layout_loops_ring
D:4:      layout_gridville, serial_shops, nicolae_diamond_shop, uniq_duvessa,
          uniq_edmund

Skill      XL: |  1  2  3  4  5  6 |
---------------+-------------------+-----
Fighting       | 3 |  3.3
Stealth        | 3 4 5 |  5.1
Dodging        | 3 |  3.5
Unarmed Combat | 4 5 |  5.4

Action                   |  1- 3 |  4- 6 || total
-------------------------+-------+-------++-------
Melee: Unarmed           |   101 |   140 ||   241
       Bite              |    18 |    50 ||    68
       Punch             |     1 |    11 ||    12
Evoke: Wand              |       |     1 ||     1
  Use: Scroll            |       |    12 ||    12
 Stab: Sleeping          |    10 |    12 ||    22
       Paralysed         |       |    10 ||    10
Armor: Robe              |    11 |    16 ||    27
Dodge: Dodged            |    47 |    85 ||   132
